 Dungeon Crawl Stone Soup version 0.24-a0-582-g4d4af813a0 (webtiles) character file.

Game seed: 17605683489739605144

221 Esekla the Skirmisher (level 5, 0/37 HPs)
             Began as an Octopode Abyssal Knight on Aug 27, 2019.
             Was a Believer of Lugonu.
             Succumbed to Crazy Yiuf's poison
             ... on level 3 of the Dungeon.
             The game lasted 00:20:55 (3678 turns).

Esekla the Skirmisher (Octopode Abyssal Knight)     Turns: 3678, Time: 00:20:55

Health: 0/37       AC:  1    Str: 12    XL:     5   Next: 98%
Magic:  5/6        EV: 14    Int: 14    God:    Lugonu [**....]
Gold:   216        SH:  0    Dex: 12    Spells: 4/4 levels left

rFire    . . .     SeeInvis .   a - +1 falchion
rCold    . . .     Gourm    .   (no shield)
rNeg     . . .     Faith    .   (helmet restricted)
rPois    .         Spirit   .   (no amulet)
rElec    .         Reflect  .   (no ring)
rCorr    .         Harm     .   (no ring)
MR       .....                  (no ring)
Stlth    +++.......             (no ring)
HPRegen  0.12/turn              (no ring)
MPRegen  0.10/turn              (no ring)
                                (no ring)
                                (no ring)

@: lethally poisoned (0 -> -2)
A: almost no armour, stealthy swim, amphibious, 8 rings, constrict 8, camouflage
1, gelatinous body 1
a: Depart the Abyss, Bend Space, Renounce Religion


You were on level 3 of the Dungeon.
You worshipped Lugonu.
Lugonu was pleased with you.
You were not hungry.

You visited 1 branch of the dungeon, and saw 4 of its levels.
You visited the Abyss 1 time.

You collected 216 gold pieces.

Inventory:

Hand Weapons
 a - a +1 falchion (weapon)
 d - a +0 spear
 q - a +0 rapier
Missiles
 j - 5 javelins (quivered)
Wands
 r - a wand of paralysis (13)
Scrolls
 c - 3 scrolls of enchant weapon {unknown}
 g - a scroll of enchant armour {unknown}
 i - 4 scrolls of remove curse {unknown}
 k - a scroll of fog {unknown}
 m - a scroll of magic mapping {unknown}
 n - a scroll of amnesia {unknown}
 p - 2 scrolls of identify
 t - a scroll of blinking {unknown}
Potions
 e - a potion of flight
 f - a potion of curing
 h - 2 potions of agility
 l - a potion of heal wounds
 o - a potion of might
 s - a potion of brilliance
Comestibles
 b - 12 rations


   Skills:
 + Level 4.0 Fighting
 + Level 0.1(2.3) Short Blades
 + Level 3.9 Long Blades
 * Level 3.6 Dodging
 + Level 2.9 Stealth
 + Level 2.0 Invocations


You had 4 spell levels left.
You didn't know any spells.
Your spell library was empty.

Dungeon Overview and Level Annotations

Branches:
Dungeon (4/15)             Temple (0/1) D:4

Altars:
Fedhas
Hepliaklqana
Okawaru
Yredelemnul

Shops:
D:4 %

Annotations:
D:3 Crazy Yiuf


Innate Abilities, Weirdness & Mutations

You cannot wear most types of armour.
You are very stealthy in the water. (Stealth+)
You are amphibious.
You can wear up to eight rings at the same time.
You can use your tentacles to constrict eight enemies at once.
Your skin changes colour to match your surroundings (Stealth+).
Your rubbery body absorbs attacks. (AC +1, EV +1)


Message History

You constrict Crazy Yiuf.
You feel sick.
Crazy Yiuf hits you with a +4 quarterstaff of chaos!
You hit Crazy Yiuf.
Crazy Yiuf is heavily wounded.
You constrict Crazy Yiuf.
You feel sick.
Crazy Yiuf cries, "Cards pontify agre!"
Crazy Yiuf hits you with a +4 quarterstaff of chaos!
* * * LOW HITPOINT WARNING * * *
Crazy Yiuf draws strength from your wounds!
You release your grip on Crazy Yiuf.
* * * LOW HITPOINT WARNING * * *
You feel sick.
There is an open translucent door here.
* * * LOW HITPOINT WARNING * * *
You feel sick.
* * * LOW HITPOINT WARNING * * *
You feel sick. Space bends around you!
You blink.
Crazy Yiuf screams, "Prologue wrapper infinity!"
You die...

...# #.#
#######.## ####
### #.## #.## #.##
##### ♣♣#### #.##
#)..#♣♣ ♣♣.#..##
#.##
#...'.♣♣♣♣.♣....#
#.#
#...#♣..♣.g.....#
##.##
#####♣♣♣.♣..#.#@#
##.#.# ♣♣♣♣♣###.#
######.###. #.#
#.....## ## ###
###########.#
#.####.###.
##.###.##.[...##.#
#.# ##.#.#
.....#.##.###....#
#.# ##.##
.###.#....# #.####
#.# #.... .#
#...##.###.#
#####.######...
.###.#.##.....#
#..........##.#


You could see Crazy Yiuf.

Vanquished Creatures
  An iguana (D:4)
  A worker ant (D:4)
  8 adders
  2 oozes (D:4)
  2 adder skeletons (D:4)
  A worm (D:3)
  A dart slug (D:3)
  4 leopard geckos
  5 orcs
  A ball python (D:2)
  5 giant cockroaches
  7 goblins
  4 hobgoblins (D:3)
  7 jackals
  12 kobolds
  A quokka (D:4)
  3 bats
  3 frilled lizards
  A leopard gecko skeleton (D:4)
  6 rats
75 creatures vanquished.

Notes
Turn   | Place    | Note
-------+----------+-------------------------------------------
     0 | Abyss:1  | Esekla the Octopode Abyssal Knight began the quest for the
                  | Orb.
     0 | Abyss:1  | Reached XP level 1. HP: 16/16 MP: 2/2
    72 | Abyss:1  | Noticed an iron imp
    77 | Abyss:1  | Noticed an apocalypse crab
    79 | Abyss:1  | Noticed an apocalypse crab
    90 | Abyss:1  | Noticed a small abomination
   127 | Abyss:3  | Noticed a worldbinder
   127 | Abyss:3  | Noticed a worldbinder
   127 | Abyss:3  | Noticed a raiju
   127 | Abyss:3  | Noticed a raiju
   127 | Abyss:3  | Noticed a hellion
   127 | Abyss:3  | Noticed a hellion
   127 | Abyss:3  | Noticed a bone dragon
   129 | Abyss:3  | Noticed a wraith
   129 | Abyss:3  | Noticed a necromancer
   129 | Abyss:3  | Noticed a shadow
   129 | D:1      | Escaped the Abyss
   489 | D:1      | Reached XP level 2. HP: 21/21 MP: 3/3
   518 | D:1      | HP: 1/21 [kobold/+0 whip (7)]
   849 | D:2      | Reached * piety under Lugonu
   927 | D:3      | HP: 1/21 [worm (8)]
  1267 | D:3      | Reached XP level 3. HP: 26/26 MP: 4/4
  1383 | D:2      | Found an iron altar of Okawaru.
  1386 | D:2      | Found a basalt altar of Yredelemnul.
  1387 | D:2      | Found a hazy altar of Hepliaklqana.
  1650 | D:2      | Reached skill level 1 in Stealth
  1705 | D:2      | Reached XP level 4. HP: 27/33 MP: 5/5
  2364 | D:4      | Found Enla's Food Emporium.
  2544 | D:4      | Reached XP level 5. HP: 24/37 MP: 6/6
  2777 | D:4      | Found a staircase to the Ecumenical Temple.
  2832 | D:4      | Noticed a phantom
  2949 | D:4      | Reached ** piety under Lugonu
  3094 | D:2      | Found a blossoming altar of Fedhas.
  3195 | D:3      | Reached skill level 4 in Fighting
  3593 | D:3      | Found a runed translucent door.
  3657 | D:3      | Noticed Crazy Yiuf
  3678 | D:3      | Succumbed to Crazy Yiuf's poison

Levels and vault maps discovered:
D:1:      saegor_arrival_simple_b, layout_rooms
D:2:      layout_rooms, fedhas_altar_4, minitemple
D:3:      layout_loops_ring, first_ration, minmay_diced_spiral,
          uniq_crazy_yiuf_cottage
D:4:      layout_basic, minmay_temple_entry_gardened_gates, serial_shops,
          nicolae_shop_crystal, hangedman_minor_gate_pass

Skill      XL: |  1  2  3  4  5 |
---------------+----------------+-----
Stealth        | 1 2 |  2.9
Long Blades    | 3 |  3.9
Dodging        | 3 |  3.6
Fighting       | 4 |  4.0
Short Blades   | |  0.1
Invocations    | |  2.0

Action                   |  1- 3 |  4- 6 || total
-------------------------+-------+-------++-------
Melee: Falchion          |    63 |   100 ||   163
       Constrict         |    19 |    34 ||    53
       Tentacles         |    12 |    20 ||    32
       Short sword       |     5 |     7 ||    12
       Rapier            |       |     1 ||     1
Invok: Depart the Abyss  |     1 |       ||     1
       Bend Space        |       |     1 ||     1
  Use: Scroll            |     5 |     2 ||     7
       Potion            |     1 |       ||     1
 Stab: Sleeping          |     5 |     9 ||    14
       Distracted        |       |     2 ||     2
  Eat: Ration            |     1 |     2 ||     3
Armor: Skin              |     8 |     7 ||    15
Dodge: Dodged            |    46 |    85 ||   131
       Rpst.: Falchion   |    18 |    21 ||    39

Table legend:
 A = Non-vault XP
 B = Vault XP
 C = Vault XP percentage of total XP
 D = Non-vault monster count
 E = Vault monster count
 F = Vault count percentage of total count
                 A         B        C        D         E       F
            +---------+---------+-------+---------+---------+-------
      Total |     281 |      36 |  11.4 |      67 |       8 |  10.7
            +---------+---------+-------+---------+---------+-------
        D:1 |      18 |       0 |   0.0 |      11 |       0 |   0.0
        D:2 |      67 |       0 |   0.0 |      20 |       0 |   0.0
        D:3 |      51 |      10 |  16.4 |      21 |       3 |  12.5
        D:4 |     145 |      26 |  15.2 |      15 |       5 |  25.0
            +---------+---------+-------+---------+---------+-------
